 Dungeon Crawl Stone Soup version 0.29.1-13-g9f3cf754e1 (webtiles) character file.

Game seed: 8984145598845991644

13739 javelincjr the Thaumaturge (level 12, -42/70 HPs)
             Began as a Djinni Conjurer on Feb 6, 2023.
             Was a Priest of Hepliaklqana.
             Annihilated by Fannar
             ... wielding a +0 quarterstaff of freezing
              (58 damage)
             ... on level 10 of the Dungeon.
             The game lasted 01:04:31 (13124 turns).

javelincjr the Thaumaturge (Djinni Conjurer)       Turns: 13124, Time: 01:04:32

Health: -42/70     AC: 11    Str: 10    XL:     12   Next: 36%
Gold:   617        EV: 19    Int: 21    God:    Hepliaklqana [***...] SH:  0 Dex: 16

rFire   + + +      SeeInvis .   S - +7 flail "Xaag" {spect, Dex+4}
rCold   x x .      Faith    .   (no shield)
rNeg    . . .      Spirit   .   E - +3 leather armour {Will+}
rPois   ∞          Reflect  .   C - +2 helmet
rElec   .          Harm     .   c - +0 cloak
rCorr   .          Rampage  .   t - +0 pair of gloves
Will    ++...                   (boots unavailable)
Stlth   +++.......              M - amulet of regeneration
HPRegen 1.01/turn               l - ring of fire
MPRegen 0.00/turn               G - +4 ring of evasion

@: flying
A: reduced essence, sickness immunity, fire resistance 2, cold vulnerability 1,
float, innate caster, HP casting, extra vitality 1
a: Renounce Religion, Recall Ancestor, Ancestor Identity, Transference


You were on level 10 of the Dungeon.
You worshipped Hepliaklqana.
Hepliaklqana was most pleased with you.
You visited 2 branches of the dungeon, and saw 11 of its levels.

You collected 617 gold pieces.

Inventory:

Hand Weapons
 j - a +3 short sword
 q - a +4 vampiric dagger
 y - a +2 dagger of draining
 K - a +0 dagger of chaos
 S - the +7 flail "Xaag" (weapon) {spect, Dex+4}
   (You found it on level 9 of the Dungeon)

   When its wielder attacks, the weapon's spirit leaps out and strikes again.
   The spirit shares a part of any damage it takes with its wielder.
   Dex:       It affects your dexterity (+4).
Missiles
 A - 4 atropa-tipped darts
 B - 9 poisoned darts
 Q - 8 boomerangs
 R - a curare-tipped dart
Armour
 c - a +0 cloak (worn)
 m - +0 steam dragon scales
 t - a +0 pair of gloves (worn)
 C - a +2 helmet (worn)
 E - a +3 leather armour of willpower (worn)
Magical Staves
 o - a staff of death
 D - a staff of poison
Jewellery
 l - a ring of fire (left hand)
 F - a ring of fire
 G - a +4 ring of evasion (right hand)
 M - an amulet of regeneration (around neck)
Wands
 J - a wand of flame (10)
 L - a wand of iceblast (7)
 N - a wand of mindburst (12)
 O - a wand of light (3)
Scrolls
 a - 2 scrolls of enchant armour
 b - a scroll of teleportation
 f - 2 scrolls of silence
 n - 2 scrolls of fear
 s - 2 scrolls of enchant weapon
 u - a scroll of fog
 H - a scroll of magic mapping
 I - a scroll of brand weapon
 T - a scroll of immolation {unknown}
Potions
 d - a potion of attraction
 e - 3 potions of haste
 g - 11 potions of curing
 h - 2 potions of might
 i - 3 potions of degeneration
 k - a potion of resistance {unknown}
 p - 3 potions of magic
 r - 3 potions of mutation {unknown}
 v - a potion of cancellation {unknown}
 w - a potion of lignification {unknown}
 x - a potion of ambrosia {unknown}
 z - 2 potions of brilliance {unknown}
Miscellaneous
 P - a piece from Xom's chessboard (15/15)


   Skills:
 + Level 3.8 Fighting
 + Level 3.5 Short Blades
 - Level 0.3(0.4) Axes
 + Level 0.3(0.4) Maces & Flails
 + Level 0.2 Throwing
 + Level 6.9 Dodging
 + Level 5.7 Stealth
 + Level 12.9 Spellcasting


You had 9 spell levels left.
You knew the following spells:

 Your Spells              Type           Power      Damage    Failure   Level
a - Magic Dart            Conj           100%       1d8       1%          1
b - Searing Ray           Conj           100%       2d8       1%          2
c - Dazzling Flash        Conj/Hex       100%       N/A       1%          3
d - Fulminant Prism       Conj/Hex       30%        3d16      1%          4
e - Iskenderun's Mystic   Conj/Tloc      61%        2d13      1%          4
f - Sandblast             Erth           100%       2d20      1%          1
g - Passwall              Tmut/Erth      50%        N/A       1%          2
h - Vampiric Draining     Necr           61%        2d10      1%          3
i - Portal Projectile     Hex/Tloc       100%       N/A       1%          3
j - Animate Dead          Necr           61%        N/A       1%          4
Your spell library was empty.

Dungeon Overview and Level Annotations

Branches:
Dungeon (10/15)            Temple (1/1) D:5
   Lair: D:8-11         Orc: D:9-12

Altars:
Ashenzari
Cheibriados
Dithmenos
Elyvilon
Fedhas
Gozag
Hepliaklqana
Makhleb
Nemelex Xobeh
Okawaru
Qazlal
Ru
Trog
Uskayaw
Wu Jian
Xom
Yredelemnul
Zin
The Shining One

Shops:
D:7 (   D:9 (

Annotations:
D:10 Fannar


Innate Abilities, Weirdness & Mutations

Your life essence is reduced to manifest your ancestor. (-10% HP)
You are immune to sickness and miasma.
You are immune to poison.
Your flesh is very heat resistant. (rF++)
You are vulnerable to cold. (rC-)
You float through the air rather than walking.
You learn spells naturally, not from books.
Your magical power is your life essence.
You have superior vitality. (+4 MHP)


Message History

Tlalli blocks Fannar's attack.
Tlalli barely misses Fannar.
You hear a loud crackle.
You hear an explosion!
Casting: Fulminant Prism (safe; 1% risk of failure)
Confirm with . or Enter, or press ? or * to list all spells.
Aiming: Fulminant Prism (safe; 1% risk of failure)
Press: ? - help, Dir - move target You conjure a prism of explosive energy!
* * * LOW HITPOINT WARNING * * *
A fulminant prism comes into view.
A komodo dragon comes into view.
You hear a loud crackle.
Your fulminant prism explodes!
You swap places.
The komodo dragon bites you.
* * * LOW HITPOINT WARNING * * *
Casting: Fulminant Prism (safe; 1% risk of failure)
Confirm with . or Enter, or press ? or * to list all spells.
You erupt in a blast of force!
Tlalli avoids your attack.
The mystic blast hits the komodo dragon!
The komodo dragon is moderately wounded.
The komodo dragon is knocked back by the mystic blast.
* * * LOW HITPOINT WARNING * * *
You hear a shout!
Casting: Iskenderun's Mystic Blast (safe; 1% risk of failure)
Confirm with . or Enter, or press ? or * to list all spells.
You erupt in a blast of force!
The mystic blast hits Fannar!
Fannar is heavily wounded.
Fannar is knocked back by the mystic blast.
Fannar slams into the rock wall!
Fannar is severely wounded.
Tlalli avoids your attack.
The mystic blast hits the komodo dragon!
The komodo dragon is severely wounded.
The komodo dragon is knocked back by the mystic blast.
* * * LOW HITPOINT WARNING * * *
Fannar mumbles some strange words.
Fannar drains the heat from the surrounding environment!
You feel a terrible chill!
Ouch! That really hurt!
You die...

.........##......
##.........###...#.
#....##.#..(....###
##.....#.###.#...# #
##............#...###
##...e..##.....#...##.
#.e####..#............
#...##........#.......
##.R.@.l..#...#.......
#.######:...#....####
#.# ##...#...##
####...K#...#...#..
#..#.#...#...#y#.. .
#.#e.#.#..#.#
?O#..#.#..#.[
####..#o#..####
..##.##..


You could see the friendly Tlalli the knight, Fannar and a komodo dragon (ally
target).

Vanquished Creatures
  A hydra (D:9)
  2 two-headed ogres (D:10)
  A deep elf pyromancer (D:9)
  Pikel (D:8)
  Joseph (D:10)
  Maggie (D:8)
  2 hornets
  A shadow (D:9)
  A wraith (D:10)
  12 yaks
  A steam dragon (D:7)
  Duvessa (D:7)
  4 orc warriors
  A sky beast (D:6)
  2 black bears
  An ice beast (D:5)
  4 ogres
  5 centaurs
  2 phantoms
  2 lemures (D:8)
  A kobold brigand (D:9)
  5 bullfrogs
  A gnoll sergeant (D:9)
  2 necrophages
  4 scorpions
  6 wights
  Dowan (D:7)
  A yak zombie (D:9)
  6 killer bees (D:8)
  A howler monkey (D:9)
  A crimson imp (D:8)
  3 orc priests
  6 jellies
  3 hounds
  3 gnoll boudas
  15 orc wizards
  3 iguanas
  Robin (D:3)
  7 gnolls
  2 adders
  A white imp (D:7)
  A worm (D:4)
  2 dart slugs
  34 orcs
  6 ball pythons
  6 bats
  15 endoplasms
  6 giant cockroaches
  8 hobgoblins
  7 jackals
  18 kobolds
  8 quokkas
  4 frilled lizards
  15 goblins
  6 rats
255 creatures vanquished.

Vanquished Creatures (collateral kills)
  A two-headed ogre (D:9)
  Psyche (D:8)
  2 trolls (D:9)
  2 hornets (D:9)
  6 yaks
  A wraith (D:9)
  A steam dragon (D:6)
  An ice beast (D:7)
  4 orc warriors (D:9)
  A sky beast (D:6)
  A centaur (D:10)
  A bullfrog (D:7)
  2 yak zombies (D:9)
  An orc priest (D:9)
  A gnoll bouda (D:10)
  3 orc wizards
  A gnoll zombie (D:9)
  A shadow imp (D:7)
  3 orcs
34 creatures vanquished.

Vanquished Creatures (others)
  2 knights
  3 ancestors
  An orc zombie (D:9)
  75 fulminant prisms
  5 fungi (D:2)
  A plant (D:6)
  8 toadstools (D:2)
95 creatures vanquished.

Grand Total: 384 creatures vanquished

Notes
Turn   | Place    | Note
-------+----------+-------------------------------------------
     0 | D:1      | javelincjr the Djinni Conjurer began the quest for the Orb.
     0 | D:1      | javelincjr set off with the following spells memorised:
                  | Magic Dart, Searing Ray, Dazzling Flash, Fulminant Prism,
                  | Iskenderun's Mystic Blast.
     0 | D:1      | Reached XP level 1. HP: 15/15 MP: 0/0
   523 | D:1      | Reached XP level 2. HP: 20/21 MP: 0/0
   957 | D:1      | Reached XP level 3. HP: 24/25 MP: 0/0
   957 | D:1      | Learned a level 1 spell: Sandblast
  1942 | D:2      | Reached skill level 4 in Spellcasting
  2093 | D:2      | Reached XP level 4. HP: 30/31 MP: 0/0
  2219 | D:2      | Found a faded altar of an unknown god.
  2424 | D:2      | Reached XP level 5. HP: 16/36 MP: 0/0
  2424 | D:2      | Learned a level 2 spell: Passwall
  2878 | D:3      | Noticed Robin
  2882 | D:3      | Killed Robin
  3111 | D:3      | Reached XP level 6. HP: 31/41 MP: 0/0
  3792 | D:3      | Reached skill level 5 in Spellcasting
  3812 | D:3      | Reached skill level 1 in Short Blades
  4254 | D:4      | Reached skill level 1 in Fighting
  4280 | D:4      | Reached XP level 7. HP: 42/47 MP: 0/0
  4280 | D:4      | Learned a level 3 spell: Vampiric Draining
  5215 | D:5      | Entered Level 5 of the Dungeon
  5322 | D:5      | Reached XP level 8. HP: 29/52 MP: 0/0
  5612 | D:5      | Reached skill level 6 in Spellcasting
  6723 | D:5      | Found a stormy altar of Qazlal.
  6793 | D:5      | Found a staircase to the Ecumenical Temple.
  6807 | Temple   | Entered the Ecumenical Temple
  7508 | D:6      | Found a hazy altar of Hepliaklqana.
  7509 | D:6      | Found a shadowy altar of Dithmenos.
  7509 | D:6      | Noticed a shadow
  7514 | D:6      | Reached skill level 7 in Spellcasting
  7514 | D:6      | Reached XP level 9. HP: 55/59 MP: 0/0
  7514 | D:6      | Learned a level 3 spell: Portal Projectile
  7518 | D:6      | Became a worshipper of Hepliaklqana the Forgotten
  8051 | D:6      | Reached * piety under Hepliaklqana
  8272 | D:6      | Reached skill level 8 in Spellcasting
  8919 | D:7      | Noticed Duvessa
  8925 | D:7      | Noticed Dowan
  8929 | D:7      | Killed Duvessa
  8935 | D:7      | Killed Dowan
  9192 | D:7      | Reached XP level 10. HP: 45/60 MP: 0/0
  9201 | D:7      | Reached skill level 5 in Dodging
  9594 | D:7      | Found Jeruusob's Weapon Boutique.
  9621 | D:7      | Reached skill level 9 in Spellcasting
  9807 | D:8      | Noticed Maggie
  9814 | D:8      | Killed Maggie
  9815 | D:8      | Reached skill level 5 in Stealth
  9819 | D:8      | Noticed Psyche
  9828 | D:8      | Killed Psyche
 10276 | D:8      | Found a burning altar of Makhleb.
 10601 | D:8      | Noticed Pikel
 10609 | D:8      | Killed Pikel
 10610 | D:8      | Reached skill level 10 in Spellcasting
 10718 | D:8      | Reached ** piety under Hepliaklqana
 10719 | D:8      | Remembered your ancestor Tlalli as a knight
 11049 | D:8      | Reached XP level 11. HP: 46/63 MP: 0/0
 11049 | D:8      | Learned a level 4 spell: Animate Dead
 11295 | D:9      | Found Ditwaisto's Weapon Boutique.
 11377 | D:9      | Noticed a two-headed ogre
 11384 | D:9      | Killed a two-headed ogre
 11418 | D:9      | Reached skill level 11 in Spellcasting
 11765 | D:9      | Noticed a four-headed hydra
 11773 | D:9      | Noticed a deep elf pyromancer
 11831 | D:9      | Killed a deep elf pyromancer
 11877 | D:9      | Killed a four-headed hydra
 11878 | D:9      | Reached skill level 12 in Spellcasting
 12160 | D:9      | Identified the +7 flail "Xaag" {spect, Dex+4}
 12183 | D:9      | Found a glowing silver altar of Zin.
 12280 | D:9      | Reached *** piety under Hepliaklqana
 12622 | D:10     | Entered Level 10 of the Dungeon
 12625 | D:10     | Reached XP level 12. HP: 61/68 MP: 0/0
 12654 | D:10     | Noticed Joseph
 12665 | D:10     | Noticed a two-headed ogre
 12672 | D:10     | Killed a two-headed ogre
 12674 | D:10     | Noticed a two-headed ogre
 12680 | D:10     | Killed Joseph
 12684 | D:10     | Killed a two-headed ogre
 13091 | D:10     | Noticed a two-headed ogre
 13093 | D:10     | Noticed Fannar
 13124 | D:10     | Annihilated by Fannar

Illustrated notes

Levels and vault maps discovered:
D:1:      dpeg_arrival_solitude, layout_basic
D:2:      cheibrodos_fertilizer, layout_basic, shapermc_ecumenical_altar_pompeii
D:3:      layout_basic, chequers_serial_rivers_small_a, uniq_robin
D:4:      kennysheep_six_static_rooms, layout_rooms,
          kennysheep_decorative_pillar
D:5:      layout_layer_cave, nicolae_qazlal_general_emergency,
          minmay_temple_entry_overgrown, portal_sewer_entry_f
D:6:      layout_loops_corners, riverfiend_overflow_shadow_ancestor,
          serial_bayou_pond_a
D:7:      layout_rooms, serial_shops, nicolae_take_the_stairs, uniq_duvessa
D:8:      nicolae_cairo_tiling, layout_loops_ring, makhleb_grotto_becter,
          uniq_pikel, uniq_psyche, uniq_maggie
D:9:      kennysheep_windowed_halls, layout_irregular_city, zin_scriptorium,
          serial_shops, shop
D:10:     layout_cave_pools, kennysheep_little_box, minmay_puff, uniq_joseph,
          uniq_fannar
Temple:   eino_temple_rhombus

Skill      XL: |  1  2  3  4  5  6  7  8  9 10 11 |
---------------+----------------------------------+-----
Spellcasting   | 4 5 7 8 10 12 | 12.9
Stealth        | 2 3 4 5 |  5.7
Dodging        | 3 4 5 6 |  6.9
Short Blades   | 1 2 3 |  3.5
Fighting       | 1 2 3 |  3.8
Axes           | |  0.3
Maces & Flails | |  0.3
Throwing       | |  0.2

Action                   |  1- 3 |  4- 6 |  7- 9 | 10-12 || total
-------------------------+-------+-------+-------+-------++-------
Melee: Hand axe          |    15 |       |       |       ||    15
       Short sword       |     6 |     3 |       |       ||     9
       Dagger            |       |    16 |     4 |    47 ||    67
       Flail             |       |       |       |    10 ||    10
Throw: Dart              |       |       |     1 |       ||     1
 Cast: Magic Dart        |    68 |    57 |   165 |   141 ||   431
       Sandblast         |     2 |       |       |       ||     2
       Searing Ray       |     1 |    16 |    20 |    10 ||    47
       Fulminant Prism   |       |       |    22 |    54 ||    76
       Iskenderun's Myst |       |       |       |    19 ||    19
       Animate Dead      |       |       |       |     3 ||     3
Invok: Ancestor Life: Kn |       |       |       |     1 ||     1
  Use: Scroll            |       |       |    10 |     8 ||    18
 Stab: Sleeping          |     2 |       |       |       ||     2
Armor: Robe              |     8 |    14 |     8 |       ||    30
       Steam dragon scal |       |       |       |    23 ||    23
Dodge: Dodged            |    19 |    23 |    33 |    92 ||   167
